 Seeded DCSS version 0.30-a0-743-gbfdf073431 (webtiles) character file.

Game seed: 5430720872467839093 (custom seed)

130 purpskrrrp the Shooter (level 5, 40/40 HPs)
             Began as a Human Hunter on Feb 7, 2023.
             Got out of the dungeon alive.
             The game lasted 00:03:24 (1748 turns).

purpskrrrp the Shooter (Human Hunter)               Turns: 1748, Time: 00:03:24

Health: 40/40      AC:  3    Str: 17    XL:     5   Next: 36%
Magic:  5/5        EV: 13    Int: 15    God:
Gold:   1276       SH:  0    Dex: 18    Spells: 4/4 levels left

rFire   . . .      SeeInvis .    a - +0 shortbow
rCold   + . .      Faith    .    (shield currently unavailable)
rNeg    . . .      Spirit   .    c - +0 leather armour
rPois   .          Reflect  .    (no helmet)
rElec   .          Harm     .    (no cloak)
rCorr   .          Rampage  .    (no gloves)
Will    .....                    (no boots)
Stlth   ++                       r - amulet of Salvation {RegenMP Int+5}
HPRegen 0.26/turn                l - +6 ring of strength
MPRegen 0.49/turn                n - ring of protection from cold

@: studying Armour
A: no striking features
a: no special abilities


You escaped.
You visited 1 branch of the dungeon, and saw 2 of its levels.

You collected 1276 gold pieces.

Inventory:

Hand Weapons
 a - a +0 shortbow (weapon)
Armour
 c - a +0 leather armour (worn)
Jewellery
 l - a +6 ring of strength (left hand)
 n - a ring of protection from cold (right hand)
 r - the amulet of Salvation (around neck) {RegenMP Int+5}
   (You acquired it on level 2 of the Dungeon)

   [amulet of magic regeneration]

   It increases your rate of magic regeneration.
   Int:       It affects your intelligence (+5).
Scrolls
 b - 2 scrolls of immolation
 e - a scroll of teleportation {unknown}
 g - 3 scrolls of amnesia {unknown}
 i - a scroll of noise {unknown}
 j - a scroll of identify {unknown}
 k - a scroll of torment {unknown}
 m - a scroll of brand weapon {unknown}
 o - a scroll of fog {unknown}
 p - a scroll of enchant armour {unknown}
Potions
 d - a potion of mutation {unknown}
 f - a potion of attraction {unknown}
 h - 2 potions of curing {unknown}


   Skills:
 + Level 2.8 Fighting
 * Level 5.0 Ranged Weapons
 + Level 2.9 Dodging
 + Level 2.3 Stealth


You had 4 spell levels left.
You didn't know any spells.
Your spell library was empty.

Dungeon Overview and Level Annotations

Branches:
Dungeon (2/15)

Altars:

Shops:
D:2 ?


Message History

You can access your shopping list by pressing '$'.
You now have 69 gold pieces (gained 15).
Found a stone staircase leading down.
There is a stone staircase leading down here.
q - 4 scrolls labelled ICHANW HIUVOTE (gained 1) Done exploring.
Done exploring.
Done exploring.
Done exploring.
Done exploring.
Done exploring.
This is a scroll of acquirement!
Something appears at your feet!
r - the amulet of Salvation {RegenMP Int+5}
n - a ring of protection from cold (right hand)
You start putting on your amulet.
You continue putting on the amulet of Salvation {RegenMP Int+5}. x5
You finish putting on the amulet of Salvation {RegenMP Int+5}.
You feel clever.
r - the amulet of Salvation (around neck) {RegenMP Int+5} Something appears at your feet!
You now have enough gold to buy a scroll of blinking on this level, or buy a scroll of enchant armour on this level.
You can access your shopping list by pressing '$'.
You now have 607 gold pieces (gained 538).
You see here a manual of Armour.
Something appears at your feet!
You pick up a manual of Armour and begin studying.
Something appears at your feet!
You now have 1276 gold pieces (gained 669).
Done exploring.
Done exploring.
Done exploring.
There is a stone staircase leading up here.
You climb upwards.
There is a stone staircase leading down here.
Things that are here:
4 stones; a +0 whip You see here a +0 short sword.
There is a staircase leading out of the dungeon here.
Are you sure you want to leave the Dungeon?
This will make you lose the game!
You have escaped!

.......##..####..# #..#.#
.......##........# #....#
.......##..#####.####..###
#########..# #....##..#
#..# #....##..# ###
#..####........# ####.#
#..............# .....#
#..........##..# #.#..#
#..####.@..##..# #.#..#
#..# #....##..# #.#..#
#..# #....##..#
#.#..####..# ###.###..#
..#....##..# #.# #..#
..#.##.##..######.###..#
.....#.##.)............#
..####.##..............#
### #.##..............#


There were no monsters in sight!

Vanquished Creatures
  A necrophage (D:2)
  3 gnolls (D:2)
  An adder (D:2)
  3 bats
  5 endoplasms
  2 hobgoblins
  4 jackals (D:1)
  5 kobolds
  2 quokkas (D:1)
  2 ball pythons (D:1)
  A frilled lizard (D:2)
  4 goblins
  A rat (D:1)
34 creatures vanquished.

Notes
Turn   | Place    | Note
-------+----------+-------------------------------------------
     0 | D:1      | purpskrrrp the Human Hunter began the quest for the Orb.
     0 | D:1      | Reached XP level 1. HP: 16/16 MP: 1/1
    61 | D:1      | Reached XP level 2. HP: 18/22 MP: 2/2
   448 | D:1      | Reached XP level 3. HP: 27/27 MP: 3/3
   936 | D:2      | Found Doddoiw's Magic Scroll Shoppe.
  1031 | D:2      | Noticed a necrophage
  1040 | D:2      | Killed a necrophage
  1041 | D:2      | Reached XP level 4. HP: 26/34 MP: 4/4
  1222 | D:2      | Reached XP level 5. HP: 33/39 MP: 5/5
  1238 | D:2      | Reached skill level 5 in Ranged Weapons
  1656 | D:2      | Identified 4 scrolls of acquirement
  1656 | D:2      | Acquired the amulet of Salvation {RegenMP Int+5}
  1664 | D:2      | Acquired 538 gold pieces
  1666 | D:2      | Acquired a manual of Armour
  1668 | D:2      | Acquired 669 gold pieces
  1748 | D:$      | Got out of the dungeon alive.

Illustrated notes

Levels and vault maps discovered:
D:1:      dpeg_arrival_boxes_within_box, layout_basic
D:2:      layout_loops_ring, serial_shops, shop, nicolae_kite_square_tiling_tiny

Skill      XL: |  1  2  3  4  5 |
---------------+----------------+-----
Stealth        | 2 |  2.3
Ranged Weapons | 5 |  5.0
Fighting       | |  2.8
Dodging        | |  2.9

Action                     |  1- 3 |  4- 6 || total
---------------------------+-------+-------++-------
   Fire: Shortbow          |    61 |    44 ||   105
    Use: Scroll            |       |     4 ||     4
 Armour: Leather armour    |     9 |     5 ||    14
  Dodge: Dodged            |    15 |    18 ||    33

Table legend: (Time is in decaauts)
 A = Elapsed time spent in this place.
 B = Non-inter-level travel time spent in this place.
 C = Inter-level travel time spent in this place.
 D = Time resting spent in this place.
 E = Time spent auto-exploring this place.
 F = Levels seen in this place.
 G = Mean time per level.
                   A        B        C        D        E       F      G
               +--------+--------+--------+--------+--------+-----+--------+
         Total |   1779 |   1634 |    145 |      0 |   1413 |   2 |  889.5 |
       Dungeon |   1779 |   1634 |    145 |      0 |   1413 |   2 |  889.5 |
               +--------+--------+--------+--------+--------+-----+--------+

Top non-repeatable levels by time:
     D:1: 1001 daAuts
     D:2: 777 daAuts
